[Event "Mongolian Championship Women 2022"]
[Site "Chingis Khentii"]
[Date "2022.05.15"]
[Round "1.1"]
[White "Tsetsenbileg, Munkhbayar"]
[Black "Anu, Bayar"]
[Result "1-0"]
[ECO "E92"]
[WhiteElo "1830"]
[BlackElo "2102"]
[Annotator "TA"]
[PlyCount "84"]
[EventDate "2022.05.12"]
[EventType "tourn"]
[EventCountry "MGL"]
[SourceTitle "playchess.com"]
[Source "ChessBase"]
[SourceQuality "1"]
[TimeControl "40/5400+30:1800+30"]

1. d4 Nf6 2. c4 g6 3. Nc3 Bg7 4. e4 d6 5. Nf3 O-O 6. Be2 e5 7. dxe5 dxe5 8. Qxd8 Rxd8 9. Bg5 Re8 10. Nd5 Nxd5 11. cxd5 c6 12. Bc4 cxd5 13. Bxd5 Nc6 14. a3 {Inhibits Nb4. E92: King's Indian: Classical: 6 Be2 e5: 7 dxe5, 7 Be3 and Petrosian System without 7...Nbd7.} Be6 15. Bxc6 bxc6 16. Rc1 {[#] The position is equal.} Rab8 $146 ({Predecessor:} 16... Reb8 17. Rxc6 Rxb2 18. Bc1 Ra2 19. O-O Rc8 20. Rxc8+ Bxc8 21. h3 Bb7 22. Be3 Bxe4 23. Bxa7 Rxa3 {0-1 (40) Waqar,A (2062)-Vedmediuc,S (2468) Istanbul 2012}) 17. Rc2 c5 18. Be3 c4 (18... Bf8 $142) 19. Bxa7 $11 Rb7 20. Be3 Reb8 21. Bc1 h6 22. O-O Rd8 23. Bd2 Bg4 24. Bb4 {White now steadily converts the win.} Be6 25. Nd2 Rd4 26. Rfc1 Bf8 (26... Bf6 $142) 27. Bc3 $16 ({Resist} 27. Nxc4 $6 Bxb4 28. axb4 Rxb4 29. Nxe5 Rxe4 $14) 27... Rd3 28. Bxe5 Bc5 (28... Rbd7 {might work better.}) 29. Nxc4 $18 Rbd7 {[#] ( -> ...Rd1+)} 30. Kf1 Bd4 31. Bxd4 R7xd4 32. f3 Rb3 33. Na5 Rbd3 34. Rc3 Rd2 35. Nb3 Bxb3 36. Rxb3 {[%mdl 4096] Endgame KRR-KRR} Kg7 37. Rb7 R4d3 38. Rcc7 Kf6 {[#]} (38... g5 39. h4 gxh4 40. Rxf7+ Kg6 41. Rg7+ Kf6) 39. Rxf7+ {White is clearly winning.} Ke6 40. Rbe7+ Kd6 41. Rd7+ Ke5 42. Rxd3 Rxd3 {[%emt 0:56:25] Weighted Error Value: White=0.11 (very precise) /Black=0.37} 1-0

[Event "Mongolian Championship Women 2022"]
[Site "Chingis Khentii"]
[Date "2022.05.15"]
[Round "1.2"]
[White "Nomindalai Tumurbaatar"]
[Black "Bayarmaa, Bayarjargal"]
[Result "0-1"]
[ECO "B07"]
[WhiteElo "2111"]
[BlackElo "2124"]
[Annotator "TA"]
[PlyCount "94"]
[EventDate "2022.05.12"]
[EventType "tourn"]
[EventCountry "MGL"]
[SourceTitle "playchess.com"]
[Source "ChessBase"]
[SourceQuality "1"]
[TimeControl "40/5400+30:1800+30"]

1. d4 Nf6 2. g3 g6 3. Bg2 Bg7 4. e4 d6 5. Nc3 Na6 6. Nf3 {[%emt 0:07:18][%cal Bg1f3,Bf3d2,Bd2c4,Bc4b6,Bb6d7][%mdl 32] B07: Pirc Defence: Miscellaneous Systems.} c5 7. d5 {[%emt 0:00:26] [#]} Bg4 $146 ({Predecessor:} 7... O-O 8. O-O Nc7 9. a4 b6 10. Re1 Bb7 11. Bf4 a6 12. Qd3 Nh5 13. Bd2 e5 14. Rab1 a5 15. Qe2 Bf6 16. Bh6 {1-0 (30) Davies,N (2515)-Cicak,S (2480) Reykjavik 1998}) 8. a4 {White is better.} Nc7 9. O-O a6 10. Qd3 (10. h3 $5 Bxf3 11. Qxf3 $14 (11. Bxf3 O-O $14)) 10... O-O 11. Nd2 (11. h3 $5 Bxf3 12. Bxf3 $14 (12. Qxf3 b5 $11)) 11... Bd7 12. Nc4 b5 13. Nb6 Rb8 14. Nxd7 Nxd7 15. axb5 axb5 16. f4 b4 17. Nd1 Nb5 18. Ne3 Nd4 19. Nc4 Qc7 20. Bd2 Nb6 21. Ra6 Nxc4 22. Qxc4 Qb7 23. Rfa1 Qb5 24. Qxb5 Rxb5 25. Ra7 Nxc2 26. Rb1 Re8 {Black is more active.} 27. Bh3 (27. Bf1 $17 {keeps fighting.} Rbb8 28. Kh1) 27... Rbb8 $19 28. Bd7 Ra8 29. Rc7 (29. Ra4 {is a better defense.} Red8 30. Kf1) 29... Reb8 (29... Bd4+ $19 30. Kh1 Reb8) 30. Bc6 $2 (30. e5 $17) 30... Ra1 31. Rxa1 Nxa1 ({Black should try} 31... Bd4+ $19 32. Kg2 Nxa1 33. Rxe7 Nb3) 32. Rxe7 $2 (32. e5 $1 $15) 32... Bxb2 ({Worse is} 32... Nb3 33. Be3 Kf8 34. Rc7 (34. Rd7 $2 Bxb2 35. Ba4 Nd4 $17) 34... Bxb2 35. e5 $15) 33. e5 Bd4+ 34. Kg2 b3 35. Bc1 c4 ({Wrong is} 35... b2 $2 36. Bxb2 Rxb2+ 37. Kh3 $19) 36. exd6 Bc5 {[#] ...c3 is the strong threat.} ({Avoid the trap} 36... b2 $2 37. Bxb2 Rxb2+ 38. Kh3 $19) 37. Bb2 Nc2 38. Re4 {Black must now prevent d7.} Bxd6 {Threatens to win with ...Ba3.} 39. Kf3 c3 40. Bxc3 b2 41. Bxb2 Rxb2 42. Re8+ Kg7 43. Rd8 (43. Bd7 $142) 43... Ne1+ 44. Ke4 Bc5 {[%cal Rb2e2] [#]} 45. d6 Rd2 46. f5 Rd4+ (46... Kf6 $142 47. fxg6 Bg1) 47. Ke5 Nd3# {[%emt 1:02:50] Weighted Error Value: White=0.78/Black=0.33} 0-1

[Event "Mongolian Championship Women 2022"]
[Site "Chingis Khentii"]
[Date "2022.05.15"]
[Round "1.3"]
[White "Munguntuul, Batkhuyag"]
[Black "Altantuya, Boldbaatar"]
[Result "1-0"]
[WhiteElo "2443"]
[BlackElo "2263"]
[Annotator "TA"]
[PlyCount "39"]
[EventDate "2022.05.12"]
[EventType "tourn"]
[EventCountry "MGL"]
[SourceTitle "playchess.com"]
[Source "ChessBase"]
[SourceQuality "1"]
[TimeControl "40/5400+30:1800+30"]

1. e4 e6 2. d4 d5 3. Nc3 Be7 4. Nf3 Nf6 5. Bd3 dxe4 6. Nxe4 Nbd7 7. O-O c5 8. c3 O-O 9. Qe2 cxd4 10. Nxd4 {[%emt 0:03:54] [#]} {Predecessor:} Nxe4 $146 {C10: French with 3 Nc3: Unusual Black 3rd moves and 3...dxe4.} 11. Bxe4 Qc7 12. a4 a6 13. a5 Nf6 14. Bf3 Bd7 15. g3 e5 16. Rd1 Rfe8 17. Nc2 e4 18. Bg2 Bg4 19. Qe1 Bxd1 20. Qxd1 {1-0 (39) Leko,P (2693)-Huzman,A (2557) Tallinn 2016} 1-0

[Event "Mongolian Championship Women 2022"]
[Site "Chingis Khentii"]
[Date "2022.05.15"]
[Round "1.4"]
[White "Munkhzul, Turmunkh"]
[Black "Munkhzul, Davaakhuu"]
[Result "1/2-1/2"]
[ECO "C95"]
[WhiteElo "2294"]
[BlackElo "1991"]
[Annotator "TA"]
[PlyCount "157"]
[EventDate "2022.05.12"]
[EventType "tourn"]
[EventCountry "MGL"]
[SourceTitle "playchess.com"]
[Source "ChessBase"]
[SourceQuality "1"]
[TimeControl "40/5400+30:1800+30"]

1. e4 e5 2. Nf3 Nc6 3. Bb5 a6 4. Ba4 Nf6 5. O-O Be7 6. Re1 b5 7. Bb3 d6 8. c3 O-O 9. h3 Nb8 10. d4 Nbd7 11. Nbd2 Bb7 12. Bc2 Re8 13. Nf1 Bf8 14. Ng3 g6 15. b3 Bg7 {[%emt 0:06:40] 15...Bg7 was played by the boomers.} 16. d5 Qb8 {[%emt 0:03:23] C95: Closed Ruy Lopez: Breyer Variation with 10 d4.} 17. Be3 c6 18. c4 Qc7 19. Rc1 {[%emt 0:05:58] [#]} Reb8 $146 ({Predecessor:} 19... bxc4 20. bxc4 Nc5 21. Nd2 a5 22. Ne2 Ba6 23. Bxc5 dxc5 24. Ba4 Bb7 25. Rb1 Rec8 {0-1 (49) Smirnov,P (2539)-Socko,B (2562) Kallithea 2002}) 20. Bd3 b4 21. Qd2 a5 22. Bh6 Nc5 23. Bc2 Bc8 {[%emt 0:03:57] Inhibits Nf5.} 24. Nh4 Ne8 25. Bxg7 Kxg7 26. f4 a4 27. f5 {[%emt 0:05:21] White is more active.} ({Better is} 27. fxe5 $14 dxe5 28. Qg5) 27... Qe7 $11 28. Nf3 axb3 29. Bxb3 (29. axb3 $5 Ra2 30. Qe3 $11 (30. dxc6 $2 Nxb3 31. Qe3 Nxc1 $19)) 29... Ra3 (29... Bd7 $15) 30. Rb1 (30. dxc6 Rxb3 31. axb3 Nxb3 $15) 30... cxd5 31. cxd5 Ba6 32. Re3 Qa7 {[%emt 0:01:33] aiming for ...Bd3.} 33. Kh2 Na4 $2 (33... Qe7 $11) 34. fxg6 $18 hxg6 35. Ng5 $2 (35. Nh4 $18 {is the precise move to win.}) 35... Nc3 36. Rb2 {[%emt 0:00:16] Strongly threatening Rf3.} Nd1 {[%emt 0:02:00] [#]} 37. Rf3 $2 (37. Nh5+ $1 $18 {[%mdl 512] and the rest is easy.} Kg8 38. Rf3 Nxb2 39. Ne6) 37... Nxb2 $16 38. Rxf7+ Qxf7 39. Nxf7 Kxf7 40. Qxb2 Nf6 41. Qf2 Bd3 42. Qe1 (42. Qf3 Bb5 $11) 42... Raa8 43. Qe3 (43. h4 $5 ) 43... Bb5 44. Qd2 Bd7 45. Qf2 (45. Qe1 $16) 45... Kg7 $11 46. Qd2 Ra7 47. Qe3 Rc7 48. Ne2 Rh8 $2 (48... Rc5 $11) 49. Qb6 $1 $18 Ne8 50. Qxb4 g5 51. a4 {[%emt 0:05:20] And now Ng3 would win.} g4 52. h4 Rxh4+ 53. Kg1 {[%emt 0:00:04] Black must now prevent a5.} g3 54. a5 ({Much worse is} 54. Nxg3 $6 Rc1+ 55. Kf2 Rf4+ 56. Ke3 Rg4 $11) 54... Bc8 55. Bd1 Rg4 (55... Bg4 $16 56. Qd2 (56. Nxg3 Rc1 $11) 56... Bxe2 57. Bxe2 Kf8) 56. Qb5 Bd7 57. Qd3 Rg6 58. Nxg3 Rc1 59. Kf2 Ra1 60. a6 (60. Bh5 $18 {and White stays clearly on top.}) 60... Nc7 $2 (60... Nf6 $16) 61. Be2 {[%emt 0:01:32] Really sharp!} Nxa6 62. Nh5+ $2 (62. Nf5+ $1 $18 Bxf5 63. exf5) 62... Kf7 ({Black should try} 62... Kg8 $11) 63. Qc3 (63. Qf3+ $14 Ke7 64. Ng3) 63... Ra2 $11 64. Qb3 $2 {[%emt 0:00:34] [#] Against Bb5} (64. Ng3 $11 {and White has nothing to worry.}) 64... Rxe2+ $1 $19 65. Kxe2 {[%emt 0:00:04] Ng3 is the strong threat.} Bg4+ 66. Ke1 {[%emt 0:00:54] Threatens to win with Qb7+.} Nc5 {[%emt 0:00:06] Prevents Qb7+.} 67. Qb8 {[%emt 0:00:26] Hoping for Qh8.} Bxh5 68. Qc7+ {[%emt 0:00:15] [#]} Kg8 $2 ({Black should play} 68... Ke8 $1 $19 69. Qh7 Nd3+ 70. Kd2 Nf4 71. Qh8+ Kf7) 69. Qd8+ $11 {[%emt 0:00:21] The position is equal.} Kh7 70. Qe7+ Kh6 71. Qf8+ ({Don't blunder} 71. g4 $2 Bxg4 72. Qh4+ Bh5 $19) 71... Kg5 72. Qf5+ Kh6 73. Qf8+ Kh7 (73... Kg5 $5 74. Qf5+ Kh6 $11) 74. Qf7+ Kh6 75. Qf8+ Kh7 (75... Kg5 $5 76. Qf5+ Kh6 $11) 76. Qf7+ Kh6 77. Qf8+ Kh7 (77... Kg5 $5 78. Qf5+ Kh6 $11) 78. Qf7+ Kh6 79. Qf8+ {[%emt 0:00:04] Weighted Error Value: White=0.27 (precise) /Black=0.50} 1/2-1/2

[Event "Mongolian Championship Women 2022"]
[Site "Chingis Khentii"]
[Date "2022.05.15"]
[Round "1.5"]
[White "Amin-Erdene, Bayanmunkh"]
[Black "Mungunzul, Bat-Erdene"]
[Result "0-1"]
[ECO "D00"]
[WhiteElo "1425"]
[BlackElo "2091"]
[Annotator "TA"]
[PlyCount "33"]
[EventDate "2022.05.12"]
[EventType "tourn"]
[EventCountry "MGL"]
[SourceTitle "playchess.com"]
[Source "ChessBase"]
[SourceQuality "1"]
[TimeControl "40/5400+30:1800+30"]

1. d4 d5 2. Bf4 Nf6 3. e3 c5 4. dxc5 Nc6 5. Bb5 Qa5+ 6. Nc3 {[%emt 0:00:08] D00: 1 d4 d5: Unusual lines.} a6 7. Bxc6+ bxc6 8. Nf3 {[%emt 0:01:05] Black should prevent Qd4.} Qxc5 9. Ne5 e6 (9... Nd7 $11) 10. O-O $1 $14 Bb7 {[%emt 0:04:46][%mdl 32768] [#] Black did not feel at home in the position after the opening.  Weighted Error Value: White=0.06 (flawless) /Black=0.17 (very precise) . Loss on time!?} {Predecessor:} 11. Na4 $146 Qa5 12. c4 Be7 13. b4 Qd8 14. c5 O-O 15. Nb6 Ra7 16. Qa4 Qe8 17. Rac1 {1-0 (40) Sidhant,M (2382)-Chitlange,S (2057) Chennai 2018} 0-1

[Event "Mongolian Championship Women 2022"]
[Site "Chingis Khentii"]
[Date "2022.05.15"]
[Round "1.6"]
[White "Khulan, Enkhsaikhan"]
[Black "Enkhtuul, Altan-Ulzii"]
[Result "0-1"]
[ECO "E71"]
[WhiteElo "2111"]
[BlackElo "2228"]
[Annotator "TA"]
[PlyCount "27"]
[EventDate "2022.05.12"]
[EventType "tourn"]
[EventCountry "MGL"]
[SourceTitle "playchess.com"]
[Source "ChessBase"]
[SourceQuality "1"]
[TimeControl "40/5400+30:1800+30"]

1. d4 c5 2. d5 d6 3. c4 Nf6 4. Nc3 g6 5. e4 Bg7 6. h3 O-O 7. Bd3 Na6 8. Be3 {[%emt 0:01:57] E71: King's Indian: 4 e4 d6 5 h3.} (8. Nf3 $16) 8... Nc7 9. Nf3 Nd7 (9... e6 $11) 10. Qd2 {[%emt 0:00:54] White is better.} Re8 11. O-O a6 {[%emt 0:06:41] [#]} 12. Rab1 $146 ({Predecessor:} 12. a4 Rb8 13. Bg5 Nf8 14. Rfe1 b6 15. Bh4 f6 16. Nh2 e5 17. dxe6 Nfxe6 18. Nf3 Bb7 19. Rad1 Qd7 20. Bc2 Rbd8 21. Nd5 Nxd5 22. exd5 Nf8 23. b4 Qc7 {½-½ (23) Schreiner,P (2480)-Orlov,A (2497) Germany 2019}) 12... b5 13. b3 b4 14. Na4 {[%emt 0:01:25][%mdl 32768] Weighted Error Value: White=0.21 (precise) /Black=0.20 (precise) . Loss on time!?} 0-1

[Event "Mongolian Championship Women 2022"]
[Site "Chingis Khentii"]
[Date "2022.05.15"]
[Round "2.1"]
[White "Mungunzul, Bat-Erdene"]
[Black "Bayarmaa, Bayarjargal"]
[Result "0-1"]
[ECO "E94"]
[WhiteElo "2091"]
[BlackElo "2124"]
[Annotator "TA"]
[PlyCount "124"]
[EventDate "2022.05.12"]
[EventType "tourn"]
[EventCountry "MGL"]
[SourceTitle "playchess.com"]
[Source "ChessBase"]
[SourceQuality "1"]
[TimeControl "40/5400+30:1800+30"]

1. d4 Nf6 2. c4 g6 3. Nc3 Bg7 4. e4 d6 5. Nf3 O-O 6. Be2 e5 7. O-O Na6 8. Be3 c6 $1 {[%emt 0:00:26][%mdl 4] is currently scoring better than 8...Ng4.} 9. Qd2 {[%emt 0:11:31] E94: King's Indian: Classical: 6 Be2 e5 7 0-0: Various Black 7th moves.} Qe8 10. dxe5 dxe5 11. h3 {[%emt 0:00:46] Inhibits Ng4. The position is equal.} Qe7 {[%emt 0:04:51] [#] Prevents c5.} 12. Rfd1 $146 ({Predecessor:} 12. a3 Nc5 13. Qc2 Nh5 14. b4 Ne6 15. Rfd1 f5 16. c5 {½-½ (37) Jones,G (2568)-Bekker Jensen,S (2425) Klaksvik 2010}) 12... Nh5 13. Qd6 Qxd6 14. Rxd6 Nf4 15. Bf1 Ne6 16. Rad1 Re8 17. a3 Bf8 18. R6d2 f6 19. b4 c5 (19... Nac7 $11) 20. Nd5 $14 Kf7 21. Rb1 b6 22. g4 {[%emt 0:07:20] Black should prevent g5.} g5 23. Bg2 Bb7 24. Nh2 Rac8 ({Better is} 24... cxb4 $11 25. axb4 Nf4) 25. b5 Nac7 26. a4 Nf4 27. a5 Nxg2 (27... Ncxd5 $14 28. exd5 Rcd8) 28. Kxg2 $16 Nxd5 29. exd5 Rcd8 30. Nf1 h5 31. Ng3 ({White must play} 31. gxh5 $16 Bd6 32. Ng3) 31... hxg4 $11 32. hxg4 Bc8 33. f3 {[%emt 0:01:39] And now Ne4 would win.} e4 $1 34. f4 (34. Re1 $11 {keeps the balance.}) 34... gxf4 $17 (34... Bxg4 35. fxg5 Bd6 36. Rf1 Bf3+ 37. Kf2 $17) (34... bxa5 35. f5 $16) 35. Bxf4 Bxg4 36. Nf1 Bd6 ({Don't do} 36... bxa5 37. Ra2 $14) 37. Bxd6 Rxd6 38. Ne3 Bd7 {[%emt 0:01:02] Black is more active.} 39. Kg3 $2 {[%emt 0:00:38] [#]} (39. axb6 $17 Rg8+ 40. Kf1 axb6 41. Rf2) 39... Rh8 $2 (39... bxa5 40. Rh2 $14) ({Black should play} 39... f5 $1 $19 {[%cal Rf5f4] Strongly threatening ...f4+.} 40. Rf1 Rh6) 40. Rh2 $2 (40. axb6 $11 axb6 41. Rg2) 40... Rxh2 $19 41. Kxh2 {[%emt 0:00:37][%mdl 4096] Endgame [#] KRB-KRN} f5 $1 ({Stronger than} 41... bxa5 42. Ra1 a6 43. Rxa5 axb5 44. cxb5 $11) 42. axb6 axb6 43. Kg3 Rh6 {[%emt 0:00:34] Prevents Rh1. White must now prevent ...Rh7.} 44. Rf1 Kg6 {[%emt 0:00:53] Hoping for ...Kg5.} 45. Kf4 Kf6 46. Rf2 $2 (46. d6) 46... Rh4+ 47. Kg3 Kg5 48. Ng2 {[%emt 0:01:51] Inhibits f4+.} Rg4+ 49. Kh2 f4 50. d6 f3 51. Ne3 Rh4+ 52. Kg1 Rh6 {[%emt 0:01:16] ( -> ...Kf4)} 53. Rd2 Kf4 {[%emt 0:00:23] Black mates.} 54. Nd5+ Kg3 55. Ne3 f2+ 56. Rxf2 {[%emt 0:00:32] [#]} Rh1+ $3 57. Kxh1 Kxf2 {[%emt 0:00:04] KB-KN} 58. Nd1+ Ke2 59. Nc3+ Kd3 60. Nd5 e3 61. Kg2 e2 62. Kf2 Kd2 {[%emt 0:00:11] Weighted Error Value: White=0.62/Black=0.16 (very precise)} 0-1

[Event "Mongolian Championship Women 2022"]
[Site "Chingis Khentii"]
[Date "2022.05.15"]
[Round "2.2"]
[White "Altantuya, Boldbaatar"]
[Black "Khulan, Enkhsaikhan"]
[Result "1-0"]
[ECO "D94"]
[WhiteElo "2263"]
[BlackElo "2111"]
[Annotator "TA"]
[PlyCount "157"]
[EventDate "2022.05.12"]
[EventType "tourn"]
[EventCountry "MGL"]
[SourceTitle "playchess.com"]
[Source "ChessBase"]
[SourceQuality "1"]
[TimeControl "40/5400+30:1800+30"]

1. d4 d5 2. c4 c6 3. Nc3 Nf6 4. e3 g6 5. Nf3 Bg7 6. Be2 O-O 7. O-O dxc4 {[%emt 0:01:15] 7...a6 is becoming the main line.} 8. Bxc4 b5 9. Bd3 {[%emt 0:03:59] D94: Grünfeld: 4 Nf3 Bg7 5 e3.} Bb7 10. Bd2 Nbd7 11. b4 {[%emt 0:02:12] [#] The position is equal.} Re8 $146 ({Predecessor:} 11... a6 12. Rc1 Re8 13. Qb3 e5 14. Qb1 Rc8 15. Rfd1 exd4 16. exd4 Nb6 17. Bg5 Nbd5 {1-0 (60) Puroila,S-Vehkalahti,V (2054) Lahti 2002}) 12. a4 e5 13. Bc2 (13. axb5 e4 14. Be2 (14. bxc6 Bxc6 15. Ne5 Nxe5 $17) 14... exf3 15. Bxf3 Qc7 $17) 13... a6 14. a5 h6 15. Bb3 Nd5 16. Nxd5 (16. Ne4 $14) 16... cxd5 $11 17. Rc1 e4 18. Ne1 Nf6 19. Nc2 Re7 20. Na1 Ne8 21. Ba2 Nd6 22. Nb3 Nc4 23. Nc5 Bc8 24. Bc3 f5 25. Bxc4 bxc4 26. Bd2 (26. f3 $11) 26... Bd7 27. f3 Bb5 28. Re1 (28. fxe4 $15 fxe4 29. Be1) 28... exf3 $17 29. Qxf3 Qd6 30. g3 Rf8 31. Kh1 Kh7 32. Rg1 Be8 33. Rce1 g5 34. b5 (34. Qd1 $17) 34... Bxb5 $19 35. Bb4 Ref7 $2 (35... Qf6 $19 {Hoping for ...g4.} 36. Rg2 Rfe8) 36. Nd3 $1 $15 Qe6 37. Nf2 (37. Bxf8 $17 cxd3 38. Bb4) 37... Rb8 $19 38. Bc5 Ba4 39. Bb6 Bc2 {[%emt 0:03:03] This bishop pair is nice.} 40. Rgf1 Re8 41. Rc1 Be4 42. Nxe4 Qxe4 43. Rc3 Kg6 44. Kg2 Rfe7 45. Ra1 h5 46. Qxe4 Rxe4 (46... fxe4 $2 47. Rf1 $19) 47. Kf3 Bh6 48. Raa3 Bf8 49. Ra4 R4e6 50. Bc7 Bh6 51. Be5 Bf8 $2 {[%emt 0:02:55] Inhibits Rb4.} (51... Bg7 $19 52. Bxg7 Kxg7) 52. Ra2 $2 (52. Bc7 $1 $11) 52... Bd6 53. Bxd6 Rxd6 {[%emt 0:00:01][%mdl 4096] Endgame KRR-KRR} 54. Rb2 Rf6 55. Rb7 Re4 $2 (55... Rfe6 $19 {[%cal Of5f4] ...f4! is the strong threat.} 56. Ra3 R8e7) 56. Rd7 $1 $11 f4 57. gxf4 gxf4 58. Rxd5 Re8 (58... Rxe3+ $14 59. Rxe3 fxe3+ 60. Kxe3 Rf1) 59. exf4 $2 ({White has to play} 59. e4 $1 $18) 59... Re1 (59... Ref8 $11 {remains equal.}) 60. f5+ $16 Kg5 61. Rxc4 (61. Re5 $16 Rh1 62. Re2 (62. Rxc4 Rxh2 63. d5 Rh3+ 64. Ke2 Ra3 $11) (62. Kg2 Rd1 $14)) 61... Rf1+ $14 62. Ke4 Re1+ 63. Kf3 Rf1+ 64. Kg2 Ra1 {[%emt 0:01:32] [#]} (64... Rd1 $14) 65. Rdc5 ({White should play} 65. Rc3 $1 $16) 65... h4 (65... Rxf5 $11 {keeps the balance.} 66. Rxf5+ Kxf5) 66. Rc1 (66. Kf3 $16) 66... Ra2+ ({Don't take} 66... Rxc1 67. Rxc1 Rd6 68. Rf1 $16) (66... Ra3 $11) 67. R1c2 (67. Kf3 $18) 67... Ra4 68. d5 Rd4 69. Rf2 Rxf5 70. Rxf5+ Kxf5 $11 {[%emt 0:00:03] KR-KR} 71. Kh3 Ke5 $2 (71... Ra4 $11) 72. Rc6 $18 Kxd5 (72... Ra4 $142) 73. Rxa6 Kc5 74. Rg6 {[%emt 0:00:59] aiming for Rg4.} Kb5 75. a6 Ra4 {[%emt 0:00:25] [#]} 76. Rh6 $1 Ra2 77. Rxh4 {[%emt 0:00:47] Strongly threatening Rh6.} Kxa6 $2 (77... Rxa6 78. Rh5+ Kc4) 78. Rb4 Ka5 79. Rb1 $2 {[%emt 0:00:22] What a bad dream for Black.  Weighted Error Value: White=0.41/Black=0.39} (79. Rb3 $18) 1-0

[Event "Mongolian Championship Women 2022"]
[Site "Chingis Khentii"]
[Date "2022.05.15"]
[Round "2.3"]
[White "Enkhtuul, Altan-Ulzii"]
[Black "Munkhzul, Turmunkh"]
[Result "0-1"]
[ECO "D00"]
[WhiteElo "2228"]
[BlackElo "2294"]
[Annotator "TA"]
[PlyCount "92"]
[EventDate "2022.05.12"]
[EventType "tourn"]
[EventCountry "MGL"]
[SourceTitle "playchess.com"]
[Source "ChessBase"]
[SourceQuality "1"]
[TimeControl "40/5400+30:1800+30"]

1. d4 d5 2. Nc3 Nf6 3. Bf4 Bf5 4. e3 e6 5. Bd3 Bg6 6. Nge2 {[%emt 0:02:15] D00: 1 d4 d5: Unusual lines.} Bd6 7. Nb5 {[%emt 0:01:04] [#]} Bxf4 $146 ({Predecessor:} 7... Nc6 8. c3 Qe7 9. Nxd6+ cxd6 10. Bg5 O-O 11. Nf4 Rac8 12. O-O Bxd3 13. Nxd3 h6 14. Bxf6 Qxf6 {0-1 (32) Meszaros,N (1758)-Orgon,D (2074) Slovakia 2017}) 8. Nxf4 {[%emt 0:01:08] The position is equal.} Nbd7 9. h4 Bxd3 10. cxd3 a6 11. Nc3 c5 12. dxc5 Nxc5 13. b4 (13. d4 $5 Nce4 14. Nxe4 Nxe4 15. Qa4+ b5 16. Qa3 $11) 13... Ncd7 14. O-O O-O 15. Na4 (15. d4 $11 {remains equal.}) 15... Qe7 (15... d4 $17) 16. a3 $15 b5 17. Nc3 Rfc8 18. Rc1 Ne5 19. g3 h6 20. d4 Nc4 21. Nb1 g5 22. hxg5 hxg5 23. Nh5 (23. Nd3 $142) 23... Nxh5 $17 24. Qxh5 Kg7 {[%emt 0:00:12] Prevents Qh6+. ...Qf6 is the strong threat.} 25. Kg2 Rh8 {[%emt 0:04:50] Active counter play!} 26. Qf3 Qf6 $36 {[%emt 0:09:12][%mdl 2048] Keeping White busy.} 27. Qg4 $2 {[%emt 0:05:41] Now White is beyond hope.} (27. Qxf6+ $17 Kxf6 28. Rfe1) 27... Qg6 $19 {[%emt 0:02:26] [#] Threatens to win with ...Rh6.} ({Not} 27... Qh6 28. Rh1 Qg6 29. Qf3 $17) 28. Rh1 Rac8 {[%emt 0:01:13][%cal Oc4e3] ( -> ...Nxe3+!)} 29. Rce1 (29. Qf3) 29... Rxh1 30. Kxh1 Nd6 31. Qd1 (31. Nd2) 31... Qe4+ 32. f3 Qh7+ 33. Kg2 Rc2+ (33... g4 $142 34. Rh1 gxf3+ 35. Kg1 Qe4) 34. Nd2 Nc4 35. Re2 Rxd2 36. Qxd2 Nxd2 37. Rxd2 {[%emt 0:00:09][%mdl 4096] Endgame KQ-KR} Qb1 {[%emt 0:00:06] [#] Hoping for ...Qe1.} 38. Kf2 {[%emt 0:00:42] Against Qe1+} Qb3 39. e4 Qxa3 {[%emt 0:00:07] Black mates.} 40. exd5 exd5 41. f4 Qxb4 42. Rd3 gxf4 43. gxf4 Qb2+ 44. Kf3 a5 45. Kg4 Qe2+ 46. Rf3 a4 {[%emt 0:01:00] Weighted Error Value: White=0.86/Black=0.30} 0-1